 Dungeon Crawl Stone Soup version bcrawl-1.19.2-6-g6a88ae04c9 (webtiles) character file.

Game seed: 8224358657416682865

158 Mrkan the Skirmisher (level 5, -10/33 HPs)
             Began as a Gargoyle Fighter on Dec 30, 2019.
             Killed by divine providence
             ... invoked by an orc priest
              (13 damage)
             ... on level 3 of the Dungeon.
             The game lasted 00:02:52 (1840 turns).

Mrkan the Skirmisher (Gargoyle Fighter)             Turns: 1840, Time: 00:02:53

Health: -10/33     AC: 11    Str: 20    XL:     5   Next: 39%
Magic:  5/5        EV:  7    Int:  8    God:
Gold:   87         SH:  9    Dex: 10    Spells: 4/4 levels left

rFire    . . .     SeeInvis .   a - +0 flail
rCold    . . .     Gourm    .   c - +0 shield
rNeg     + . .     Faith    .   b - +0 scale mail
rPois    ∞         Spirit   .   (no helmet)
rElec    +         Reflect  .   (no cloak)
rCorr    .         Harm     .   (no gloves)
MR       .....                  (no boots)
Stlth    ..........             (no amulet)
HPRegen  0.11/turn              (no ring)
MPRegen  0.09/turn              (no ring)

@: no status effects
A: negative energy resistance 1, electricity resistance, unbreathing,
petrification resistance, rot immunity, AC +4
a: no special abilities


You were on level 3 of the Dungeon.
You were hungry.

You visited 1 branch of the dungeon, and saw 3 of its levels.

You collected 87 gold pieces.

Inventory:

Hand Weapons
 a - a +0 flail (weapon)
Armour
 b - a +0 scale mail (worn)
 c - a +0 shield (worn)
Scrolls
 e - 2 scrolls of magic mapping {unknown}
 i - 3 scrolls of identify {unknown}
 l - a scroll of fear {unknown}
 m - 2 scrolls of remove curse {unknown}
 o - a scroll of enchant weapon {unknown}
 p - 2 scrolls of teleportation {unknown}
Potions
 d - 2 potions of might
 g - a potion of brilliance {unknown}
 h - 3 potions of degeneration {unknown}
 j - a potion of mutation {unknown}
 k - a potion of lignification {unknown}
 q - 2 potions of curing {unknown}
Comestibles
 f - 3 rations {!d}


   Skills:
 + Level 4.1 Fighting
 * Level 3.7 Maces & Flails
 + Level 4.1 Armour
 + Level 4.1 Shields


You had 4 spell levels left.
You didn't know any spells.
Your spell library was empty.

Dungeon Overview and Level Annotations

Branches:
Dungeon (3/12)

Altars:


Innate Abilities, Weirdness & Mutations

You are resistant to torment.
Your stone body is resilient. (AC +4)
You are immune to poison.
You resist negative energy. (rN+)
You are resistant to electric shocks. (rElec)
You can survive without breathing.
You are immune to petrification.
You are immune to rotting.


Message History

The orc hits you but does no damage.
You sock the orc!
You kill the orc!
The orc completely misses you.
Your shield and scale mail prevent you from hitting the orc.
The orc priest invokes the aid of Beogh against you.
Beogh smites you!
* * * LOW HITPOINT WARNING * * *
The orc closely misses you.
You hit the orc.
The orc is almost dead.
The orc closely misses you.
You closely miss the orc.
The orc is almost dead.
The orc hits you but does no damage.
You sock the orc!
You kill the orc!
The orc priest calls down the wrath of Beogh upon you.
Beogh smites you!
You die...

######### #.......# #.......###
#.........#
#.......#.#####################
#.............@)o..............
..........#..###########o......
..........##..####### #..[....
..........###........ #.......
.......<..# ########. #.......
.......††.# ........
..........# .........
####.#..### ###....>.^ #.#..#


You could see an orc priest.

Vanquished Creatures
  A howler monkey (D:2)
  Terence (D:2)
  2 adders (D:3)
  3 worms
  A dart slug (D:2)
  7 leopard geckos
  2 orcs (D:3)
  A bat (D:2)
  4 giant cockroaches
  3 goblins
  8 hobgoblins
  2 jackals (D:3)
  A quokka (D:2)
  3 ball pythons (D:1)
  3 frilled lizards
  9 kobolds
  4 rats
55 creatures vanquished.

Notes
Turn   | Place    | Note
-------+----------+-------------------------------------------
     0 | D:1      | Mrkan the Gargoyle Fighter began the quest for the Orb.
     0 | D:1      | Reached XP level 1. HP: 14/14 MP: 1/1
     6 | D:1      | Noticed a black bear
     6 | D:1      | Noticed a hog
     7 | D:1      | Noticed a lindwurm
     7 | D:1      | Noticed an anaconda
   150 | D:1      | Reached XP level 2. HP: 18/19 MP: 2/2
   477 | D:1      | Reached XP level 3. HP: 23/23 MP: 3/3
  1146 | D:2      | Noticed Terence
  1158 | D:2      | Killed Terence
  1158 | D:2      | Reached XP level 4. HP: 29/29 MP: 4/4
  1458 | D:2      | Reached XP level 5. HP: 30/33 MP: 5/5
  1633 | D:2      | Found a faded altar of an unknown god.
  1840 | D:3      | Killed from afar by an orc priest

Skill      XL: |  1  2  3  4  5 |
---------------+----------------+-----
Maces & Flails | 3 |  3.7
Fighting       | 4 |  4.1
Armour         | 4 |  4.1
Shields        | 4 |  4.1

Action                   |  1- 3 |  4- 6 || total
-------------------------+-------+-------++-------
Melee: Flail             |   128 |   109 ||   237
  Eat: Chunk             |     1 |     2 ||     3
Armor: Scale mail        |    65 |    56 ||   121
Dodge: Dodged            |    39 |    57 ||    96
Block: Shield            |    56 |    58 ||   114
